 Dungeon Crawl Stone Soup version 0.31-a0-662-g684573625c (webtiles) character file.

Game seed: 12235751002991937801

211 AdnanSaban the Covered (level 5, 0/33 HPs)
             Began as a Gargoyle Fighter on Sept 1, 2023.
             Was an Initiate of Okawaru.
             Slain by an ogre
             ... wielding a +0 giant spiked club
              (21 damage)
             ... on level 4 of the Dungeon.
             The game lasted 00:02:44 (2421 turns).

AdnanSaban the Covered (Gargoyle Fighter)           Turns: 2421, Time: 00:02:45

Health: 0/33       AC: 12    Str: 21    XL:     5   Next: 88%
Magic:  5/5        EV:  9    Int:  9    God:    Okawaru [......]
Gold:   135        SH:  4    Dex:  9    Spells: 4/4 levels left

rFire   . . .        a - +0 flail
rCold   . . .        c - +0 buckler
rNeg    + . .        b - +0 scale mail
rPois   ∞            q - +1 hat
rElec   +            (no cloak)
rCorr   .            (no gloves)
SInv    .            (no boots)
Will    .....        (no amulet) Stlth
                     p - ring of flight
HPRegen 0.25/turn    (no ring)
MPRegen 0.09/turn

%: no passive effects
@: flying
A: sickness immunity, AC +4, negative energy resistance 1, electricity
resistance, torment resistance 1, petrification resistance
a: Renounce Religion


You were on level 4 of the Dungeon.
You worshipped Okawaru.
Okawaru was noncommittal.
You visited 1 branch of the dungeon, and saw 4 of its levels.

You collected 135 gold pieces.

Inventory:

Hand Weapons
 a - a +0 flail (weapon)
Missiles
 e - 11 poisoned darts
 m - 6 javelins
Armour
 b - a +0 scale mail (worn)
 c - a +0 buckler (worn)
 q - a +1 hat (worn)
 t - a +0 tower shield
Jewellery
 p - a ring of flight (left hand)
Scrolls
 f - a scroll of acquirement {unknown}
 h - a scroll of teleportation {unknown}
 i - 2 scrolls of blinking {unknown}
 j - 5 scrolls of identify {unknown}
 o - a scroll of immolation {unknown}
 r - 2 scrolls of poison {unknown}
Potions
 d - 3 potions of might
 g - a potion of haste {unknown}
 k - a potion of enlightenment {unknown}
 l - a potion of invisibility {unknown}
 n - 2 potions of attraction {unknown}
 s - a potion of brilliance {unknown}


   Skills:
 + Level 4.0 Fighting
 + Level 3.5 Maces & Flails
 + Level 4.7 Armour
 + Level 1.0 Dodging
 + Level 0.5 Stealth
 + Level 4.0 Shields


You had 4 spell levels left.
You didn't know any spells.
Your spell library contained the following spells:

 Spells                   Type           Power      Damage    Failure   Level
 Sting                    Tmut/Pois      0%         1d3       78%         1
 Poisonous Vapours        Pois/Air       0%         N/A       89%         2
 Olgreb's Toxic Radiance  Pois           0%         N/A       100%        4


Dungeon Overview and Level Annotations

Branches:
Dungeon (4/15)
 Temple: D:4-7

Altars:
Okawaru

Annotations:
D:3 1 runed translucent door


Innate Abilities, Weirdness & Mutations

You are immune to sickness and miasma.
Your stone body is resilient. (AC +4)
You are immune to poison.
You resist negative energy. (rN+)
You are resistant to electric shocks. (rElec)
You are resistant to unholy torment.
You are immune to petrification.


Message History

You hit the phantom.
The phantom is almost destroyed.
The phantom hits you. The ogre hits you but does no damage.
The phantom hits you but does no damage.
You completely miss the phantom.
The phantom is almost destroyed.
The ogre hits you with a +0 giant spiked club.
The phantom hits you but does no damage.
You barely miss the phantom.
The phantom is almost destroyed.
The phantom hits you but does no damage.
You block the ogre's attack.
You barely miss the phantom.
The phantom is almost destroyed.
The phantom hits you but does no damage.
The ogre closely misses you.
The phantom hits you but does no damage.
You hit the phantom but do no damage.
The phantom is almost destroyed.
The phantom hits you but does no damage.
You block the ogre's attack.
You miss the phantom.
The phantom is almost destroyed.
You block the phantom's attack. The ogre closely misses you.
You closely miss the phantom.
The phantom is almost destroyed.
The phantom hits you but does no damage.
You hit the phantom.
You destroy the phantom!
Okawaru accepts your kill. The ogre hits you but does no damage.
Your Fighting skill increases to level 4!
Your Dodging skill increases to level 1!
Your Shields skill increases to level 4!
You hit the ogre but do no damage. The ogre barely misses you.
You hit the ogre.
The ogre is lightly wounded.
The ogre hits you with a +0 giant spiked club!!
Ouch! That really hurt!
You die...

######..' .........
#.......# #.#.#....
#(......# #.#......
#.......# #.##.....
#.......## #.##..>..
#......# #.##.....
#......# ###........
#....O.# #..........
#.....@######.#...)....
#.............#........
#......########.......|
#......# #########
#......# #......#
########


You could see an ogre.

Vanquished Creatures
  A phantom (D:4)
  An orc wizard (D:3)
  3 adders
  2 worms (D:2)
  4 orcs
  6 ball pythons
  9 endoplasms
  6 giant cockroaches
  9 goblins
  7 hobgoblins
  2 jackals (D:2)
  3 quokkas
  2 bats (D:2)
  5 frilled lizards
  2 kobolds
  5 rats
67 creatures vanquished.

Notes
Turn   | Place    | Note
-------+----------+-------------------------------------------
     0 | D:1      | AdnanSaban the Gargoyle Fighter began the quest for the
                  | Orb.
     0 | D:1      | Reached XP level 1. HP: 14/14 MP: 1/1
   296 | D:1      | Reached XP level 2. HP: 12/19 MP: 2/2
   757 | D:2      | Reached XP level 3. HP: 24/24 MP: 3/3
  1515 | D:2      | Reached XP level 4. HP: 28/29 MP: 4/4
  1872 | D:3      | Reached XP level 5. HP: 33/33 MP: 5/5
  2050 | D:3      | Found a faded altar of an unknown god.
  2092 | D:3      | Found an iron altar of Okawaru.
  2093 | D:3      | Found a runed translucent door.
  2100 | D:3      | Found the +0 toga "Victory" {*Victory Clar}
  2102 | D:3      | Became a worshipper of Warmaster Okawaru
  2390 | D:4      | Noticed a phantom
  2403 | D:4      | Noticed an ogre
  2419 | D:4      | Killed a phantom
  2420 | D:4      | Reached skill level 1 in Dodging
  2421 | D:4      | Slain by an ogre

Illustrated notes

Levels and vault maps discovered:
D:1:      evilmike_arrival_fibonacci_small, layout_basic
D:2:      mumra_celtic_spiral_tile, layout_basic
D:3:      layout_rooms, nicolae_overflow_guarded_unrand_okawaru_victory,
          shapermc_ecumenical_altar_mp_highgroup
D:4:      layout_basic

Skill      XL: |  1  2  3  4  5 |
---------------+----------------+-----
Armour         | 4 |  4.7
Maces & Flails | 3 |  3.5
Fighting       | 4 |  4.0
Dodging        | 1 |  1.0
Shields        | 4 |  4.0
Stealth        | |  0.5

Action                     |  1- 3 |  4- 6 || total
---------------------------+-------+-------++-------
  Melee: Flail             |   110 |   130 ||   240
 Armour: Scale mail        |    74 |   121 ||   195
  Dodge: Dodged            |    55 |    64 ||   119
  Block: Buckler           |    16 |    36 ||    52

Table legend: (Time is in decaauts)
 A = Elapsed time spent in this place.
 B = Non-inter-level travel time spent in this place.
 C = Inter-level travel time spent in this place.
 D = Time resting spent in this place.
 E = Time spent auto-exploring this place.
 F = Levels seen in this place.
 G = Mean time per level.
                   A        B        C        D        E       F      G
               +--------+--------+--------+--------+--------+-----+--------+
         Total |   2493 |   2311 |    182 |     65 |   1695 |   4 |  623.2 |
       Dungeon |   2493 |   2311 |    182 |     65 |   1695 |   4 |  623.2 |
               +--------+--------+--------+--------+--------+-----+--------+

Top non-repeatable levels by time:
     D:2: 1009 daAuts
     D:1: 689 daAuts
     D:3: 598 daAuts
     D:4: 196 daAuts
